| TOP OF THE 1ST |
|
Chicago (APP) Cubs batting - Pitching for Danville Braves : RHP Pu-la Yun
|
|
Pitching: RHP Pu-la Yun
|
|
|
Batting: SHB Jim Lloyd
|
0-0: Ball 1-0: Called Strike 1-1: Called Strike 1-2: Strikes out swinging
|
|
Batting: RHB Dustin Goldsborough
|
0-0: Ball 1-0: Ground out 6-3 (Groundball, 6, EV 86.9 MPH)
|
|
Batting: RHB Mike Stein
|
0-0: Fly out, F8 (Flyball, 8LD, EV 89.4 MPH)
|
| Top of the 1st over - 0 runs, 0 hits, 0 errors, 0 left on base; Chicago (APP) 0 - Danville 0 |
| BOTTOM OF THE 1ST |
|
Danville Braves batting - Pitching for Chicago (APP) Cubs : RHP Bobby Almonte
|
|
Pitching: RHP Bobby Almonte
|
|
|
Batting: RHB Danny Dimas
|
0-0: SINGLE (Line Drive, 56, EV 111.9 MPH)
|
|
Batting: LHB Mitsujiro Tanaka
|
0-0: Ball Danny Dimas steals 2nd base 1-0: Ball 2-0: Ball 3-0: Called Strike 3-1: Foul Ball, location: 2F 3-2: Foul Ball, location: 2F 3-2: Base on Balls
|
|
Batting: LHB Ivan Castillo
|
0-0: Ball Wild Pitch! Danny Dimas to third Mitsujiro Tanaka to second 1-0: Called Strike 1-1: Ball 2-1: 3-RUN HOME RUN (Flyball, 9LD, EV 96.9 MPH), Distance : 337 ft
|
|
Batting: RHB Carlos Livas
|
0-0: Ground out 5-3 (Groundball, 56S, EV 76.9 MPH)
|
|
Batting: RHB Rodolfo Cosme
|
0-0: Ball 1-0: Foul Ball, location: 2F 1-1: Ball 2-1: Ball 3-1: Called Strike 3-2: Base on Balls
|
|
Batting: RHB Vicente Guillen
|
0-0: SINGLE (Line Drive, 8RS, EV 88.8 MPH) Rodolfo Cosme to second Runner from 2nd tries for 3rd, SAFE, throw by CF made to third
|
|
Batting: RHB Roberto Rios
|
0-0: Called Strike 0-1: Ball 1-1: Called Strike 1-2: Ball 2-2: Ball 3-2: Base on Balls Vicente Guillen to second
|
|
Batting: RHB Roman Lauder
|
0-0: DOUBLE (Flyball, 8LD, EV 98.1 MPH) Rodolfo Cosme scores Vicente Guillen scores Roberto Rios to third
|
|
Batting: RHB Aaron Sartini
|
0-0: Called Strike 0-1: Ball 1-1: Foul Ball, location: 2F 1-2: Ball 2-2: Strikes out looking
|
|
Batting: RHB Danny Dimas
|
0-0: Called Strike 0-1: Foul Ball, location: 2F 0-2: Ball 1-2: Ball 2-2: Foul Ball, location: 2F 2-2: Ball 3-2: SINGLE (Flyball, 4D, EV 90.0 MPH) Roberto Rios scores Roman Lauder to third Runner from 3rd tries for Home, throw by CF and OUT! 8-2
|
| Bottom of the 1st over - 6 runs, 5 hits, 0 errors, 1 left on base; Chicago (APP) 0 - Danville 6 |
| TOP OF THE 2ND |
|
Chicago (APP) Cubs batting - Pitching for Danville Braves : RHP Pu-la Yun
|
|
Batting: RHB Andy Baumhardt
|
0-0: Ball 1-0: Swinging Strike 1-1: Foul Ball, location: 2F 1-2: Foul Ball, location: 2F 1-2: Ball 2-2: Strikes out swinging
|
|
Batting: RHB Juan Lira
|
0-0: Called Strike 0-1: Ball 1-1: Fly out, F8 (Flyball, 8LD, EV 78.8 MPH)
|
|
Batting: LHB Jose Mafano
|
0-0: Swinging Strike 0-1: Ball 1-1: Foul Ball, location: 2F 1-2: Strikes out swinging
|
| Top of the 2nd over - 0 runs, 0 hits, 0 errors, 0 left on base; Chicago (APP) 0 - Danville 6 |
| BOTTOM OF THE 2ND |
|
Danville Braves batting - Pitching for Chicago (APP) Cubs : RHP Bobby Almonte
|
|
Batting: LHB Mitsujiro Tanaka
|
0-0: Ball 1-0: Ball 2-0: Ball 3-0: Base on Balls
|
|
Batting: LHB Ivan Castillo
|
0-0: Foul Ball, location: 2F 0-1: Called Strike 0-2: Foul Ball, location: 2F 0-2: Foul Ball, location: 2F 0-2: Ball 1-2: Foul Ball, location: 2F 1-2: Ball 2-2: Ball 3-2: SINGLE (Groundball, 25, EV 75.0 MPH) (infield hit) Mitsujiro Tanaka to second
|
|
Batting: RHB Carlos Livas
|
0-0: Called Strike 0-1: Ball Wild Pitch! Mitsujiro Tanaka to third Ivan Castillo to second 1-1: Ball 2-1: SINGLE (Line Drive, 6M, EV 111.9 MPH) Mitsujiro Tanaka scores Ivan Castillo to third
|
|
Batting: RHB Rodolfo Cosme
|
0-0: Ball Carlos Livas steals 2nd base 1-0: SINGLE (Line Drive, 7S, EV 105.6 MPH) Ivan Castillo scores Carlos Livas to third
|
|
Pitching: RHP Masato Iwase
|
|
|
Batting: RHB Vicente Guillen
|
0-0: Fly out, F7 (Flyball, 7S, EV 91.9 MPH) Runner from 3rd tags up, SCORES, throw by LF
|
|
Batting: RHB Roberto Rios
|
0-0: Foul Ball, location: 2F 0-1: Foul Ball, location: 2F 0-2: Strikes out looking
|
|
Batting: RHB Roman Lauder
|
0-0: 2-RUN HOME RUN (Flyball, 9D, EV 96.2 MPH), Distance : 346 ft
|
|
Batting: RHB Aaron Sartini
|
0-0: SOLO HOME RUN (Flyball, 89XD, EV 97.5 MPH), Distance : 375 ft
|
|
Batting: RHB Danny Dimas
|
0-0: Ball 1-0: Ball 2-0: Ball 3-0: Base on Balls
|
|
Batting: LHB Mitsujiro Tanaka
|
0-0: Ball 1-0: Called Strike 1-1: DOUBLE (Flyball, 8LD, EV 91.2 MPH) Danny Dimas to third Runner from 3rd tries for Home, SAFE, throw by CF to home
|
|
Batting: LHB Ivan Castillo
|
0-0: 2-RUN HOME RUN (Flyball, 89XD, EV 98.1 MPH), Distance : 377 ft
|
|
Batting: RHB Carlos Livas
|
0-0: Ground out 3-1 (Groundball, 34S, EV 84.4 MPH)
|
| Bottom of the 2nd over - 9 runs, 7 hits, 0 errors, 0 left on base; Chicago (APP) 0 - Danville 15 |
| TOP OF THE 3RD |
|
Chicago (APP) Cubs batting - Pitching for Danville Braves : RHP Pu-la Yun
|
|
Batting: RHB Andy Villarreal
|
0-0: Called Strike 0-1: Ground out 4-3 (Groundball, 4, EV 85.6 MPH)
|
|
Pitching: RHP Rick Grenfell
|
|
|
Batting: RHB Lencho Otieno
|
0-0: Called Strike 0-1: Foul Ball, location: 2F 0-2: Ball 1-2: Foul Ball, location: 2F 1-2: Strikes out swinging
|
|
Batting: RHB Jorge Gonzalez
|
0-0: Ball 1-0: Swinging Strike 1-1: Foul Ball, location: 2F 1-2: Ball 2-2: Ground out 6-3 (Groundball, 6, EV 98.1 MPH)
|
| Top of the 3rd over - 0 runs, 0 hits, 0 errors, 0 left on base; Chicago (APP) 0 - Danville 15 |
| BOTTOM OF THE 3RD |
|
Danville Braves batting - Pitching for Chicago (APP) Cubs : RHP Masato Iwase
|
|
Batting: RHB Rodolfo Cosme
|
0-0: Fly out, F5 (Popup, 15S, EV 88.8 MPH)
|
|
Batting: RHB Vicente Guillen
|
0-0: Foul Ball, location: 2F 0-1: Ball 1-1: Ball 2-1: Foul Ball, location: 2F 2-2: Strikes out swinging
|
|
Batting: RHB Roberto Rios
|
0-0: Ball 1-0: Swinging Strike 1-1: Fly out, F7 (Flyball, 78M, EV 86.9 MPH)
|
| Bottom of the 3rd over - 0 runs, 0 hits, 0 errors, 0 left on base; Chicago (APP) 0 - Danville 15 |
| TOP OF THE 4TH |
|
Chicago (APP) Cubs batting - Pitching for Danville Braves : RHP Rick Grenfell
|
|
Batting: SHB Jim Lloyd
|
0-0: Ball 1-0: Swinging Strike 1-1: Ground out 4-3 (Groundball, 4, EV 100.6 MPH)
|
|
Batting: RHB Dustin Goldsborough
|
0-0: Called Strike 0-1: Ball 1-1: Swinging Strike 1-2: Strikes out swinging, 2-3 out at first.
|
|
Batting: RHB Mike Stein
|
0-0: Called Strike 0-1: Ball 1-1: Ball 2-1: Swinging Strike 2-2: Ball 3-2: Foul Ball, location: 2F 3-2: Fly out, F9 (Flyball, 9LM, EV 95.6 MPH)
|
| Top of the 4th over - 0 runs, 0 hits, 0 errors, 0 left on base; Chicago (APP) 0 - Danville 15 |
| BOTTOM OF THE 4TH |
|
Danville Braves batting - Pitching for Chicago (APP) Cubs : RHP Masato Iwase
|
|
Batting: RHB Roman Lauder
|
0-0: Ball 1-0: Ball 2-0: Ball 3-0: Base on Balls
|
|
Batting: RHB Aaron Sartini
|
0-0: Called Strike 0-1: Swinging Strike 0-2: Strikes out swinging
|
|
Batting: RHB Danny Dimas
|
0-0: Ball 1-0: Ball 2-0: Ball 3-0: Foul Ball, location: 2F 3-1: Swinging Strike 3-2: Base on Balls Roman Lauder to second
|
|
Batting: LHB Mitsujiro Tanaka
|
0-0: Called Strike 0-1: Ball 1-1: Fly out, F3 (Line Drive, 34, EV 70.6 MPH) Lined into DP, U3 (Line Drive, 34, EV 70.0 MPH)
|
| Bottom of the 4th over - 0 runs, 0 hits, 0 errors, 1 left on base; Chicago (APP) 0 - Danville 15 |
| TOP OF THE 5TH |
|
Chicago (APP) Cubs batting - Pitching for Danville Braves : RHP Rick Grenfell
|
|
Batting: RHB Andy Baumhardt
|
0-0: Ball 1-0: Ball 2-0: Foul Ball, location: 2F 2-1: Ground out 6-3 (Groundball, 6, EV 99.4 MPH)
|
|
Batting: RHB Juan Lira
|
0-0: Ball 1-0: Called Strike 1-1: Foul Ball, location: 2F 1-2: Foul Ball, location: 2F 1-2: Strikes out swinging
|
|
Batting: LHB Jose Mafano
|
0-0: Swinging Strike 0-1: Swinging Strike 0-2: Strikes out looking
|
| Top of the 5th over - 0 runs, 0 hits, 0 errors, 0 left on base; Chicago (APP) 0 - Danville 15 |
| BOTTOM OF THE 5TH |
|
Danville Braves batting - Pitching for Chicago (APP) Cubs : RHP Masato Iwase
|
|
Batting: LHB Ivan Castillo
|
0-0: Ball 1-0: Ball 2-0: Ball 3-0: Called Strike 3-1: Base on Balls
|
|
Batting: RHB Carlos Livas
|
0-0: Ball 1-0: Called Strike 1-1: Ball 2-1: Swinging Strike 2-2: Ball 3-2: Foul Ball, location: 2F 3-2: Foul Ball, location: 2F 3-2: 2-RUN HOME RUN (Line Drive, 7LD, EV 90.6 MPH), Distance : 335 ft
|
|
Batting: RHB Rodolfo Cosme
|
0-0: Called Strike 0-1: Ball 1-1: Swinging Strike 1-2: Strikes out swinging
|
|
Batting: RHB Vicente Guillen
|
0-0: Ball 1-0: Ball 2-0: Ball 3-0: Base on Balls
|
|
Batting: RHB Roberto Rios
|
0-0: Ball 1-0: Ball 2-0: Fly out, F9 (Flyball, 9, EV 82.5 MPH)
|
|
Batting: RHB Roman Lauder
|
0-0: Ball Passed Ball! Vicente Guillen to second 1-0: Ball 2-0: Foul Ball, location: 2F 2-1: Foul Ball, location: 2F 2-2: Ball 3-2: Base on Balls
|
|
Batting: RHB Aaron Sartini
|
0-0: Ball 1-0: Ball 2-0: Ball 3-0: Called Strike 3-1: Swinging Strike 3-2: Base on Balls Vicente Guillen to third Roman Lauder to second
|
|
Batting: RHB Danny Dimas
|
0-0: Called Strike 0-1: Called Strike 0-2: SINGLE (Groundball, 5, EV 97.5 MPH) Vicente Guillen scores Roman Lauder to third Aaron Sartini to second
|
|
Batting: LHB Mitsujiro Tanaka
|
0-0: Ball 1-0: Ball 2-0: Called Strike 2-1: Ball 3-1: Base on Balls Roman Lauder scores Aaron Sartini to third Danny Dimas to second
|
|
Batting: LHB Ivan Castillo
|
0-0: Foul Ball, location: 2F 0-1: Ball 1-1: Ball 2-1: Foul Ball, location: 2F 2-2: Strikes out swinging
|
| Bottom of the 5th over - 4 runs, 2 hits, 0 errors, 3 left on base; Chicago (APP) 0 - Danville 19 |
| TOP OF THE 6TH |
|
Chicago (APP) Cubs batting - Pitching for Danville Braves : RHP Rick Grenfell
|
|
Batting: RHB Andy Villarreal
|
0-0: Called Strike 0-1: Foul Ball, location: 2F 0-2: Foul Ball, location: 2F 0-2: Ball 1-2: Strikes out swinging
|
|
Batting: RHB Lencho Otieno
|
0-0: Ball 1-0: Called Strike 1-1: Swinging Strike 1-2: Ball 2-2: Ground out 6-3 (Groundball, 56, EV 86.2 MPH)
|
|
Batting: RHB Jorge Gonzalez
|
0-0: Called Strike 0-1: Foul Ball, location: 2F 0-2: Strikes out looking
|
| Top of the 6th over - 0 runs, 0 hits, 0 errors, 0 left on base; Chicago (APP) 0 - Danville 19 |
| BOTTOM OF THE 6TH |
|
Danville Braves batting - Pitching for Chicago (APP) Cubs : RHP Masato Iwase
|
|
Batting: RHB Carlos Livas
|
0-0: Ball 1-0: Ball 2-0: Called Strike 2-1: Swinging Strike 2-2: Ball 3-2: Base on Balls
|
|
Batting: RHB Rodolfo Cosme
|
0-0: Ball 1-0: Ball 2-0: Ball 3-0: Base on Balls Carlos Livas to second
|
|
Batting: RHB Vicente Guillen
|
0-0: SINGLE (Groundball, 5D, EV 97.5 MPH) Carlos Livas to third Rodolfo Cosme to second Runner from 3rd tries for Home, SAFE, throw by LF to home
|
|
Batting: RHB Roberto Rios
|
0-0: Called Strike 0-1: Ball 1-1: Fielders Choice at 2nd, 3-6 (Groundball, 34S, EV 85.6 MPH) Rodolfo Cosme to third
|
|
Batting: RHB Roman Lauder
|
0-0: Hit by Pitch Roberto Rios to second
|
|
Batting: RHB Aaron Sartini
|
0-0: Foul Ball, location: 2F 0-1: Foul Ball, location: 2F 0-2: Foul Ball, location: 2F 0-2: Strikes out swinging
|
|
Batting: RHB Danny Dimas
|
0-0: Called Strike 0-1: Foul Ball, location: 2F 0-2: Ball 1-2: Hit by Pitch Rodolfo Cosme scores Roberto Rios to third Roman Lauder to second
|
|
Batting: LHB Mitsujiro Tanaka
|
0-0: Ball 1-0: Ball 2-0: Called Strike 2-1: Foul Ball, location: 2F 2-2: Ball 3-2: Ground out 5-3 (Groundball, 5L, EV 81.9 MPH)
|
| Bottom of the 6th over - 2 runs, 1 hit, 0 errors, 3 left on base; Chicago (APP) 0 - Danville 21 |
| TOP OF THE 7TH |
|
Chicago (APP) Cubs batting - Pitching for Danville Braves : RHP Rick Grenfell
|
|
Pitching: RHP Jeremy Mash
|
|
|
Batting: SHB Jim Lloyd
|
0-0: DOUBLE (Line Drive, 5D, EV 101.9 MPH)
|
|
Batting: RHB Dustin Goldsborough
|
0-0: Called Strike 0-1: Ball 1-1: Ball 2-1: Swinging Strike 2-2: Foul Ball, location: 2F 2-2: Fly out, F7 (Flyball, 7, EV 83.1 MPH)
|
|
Batting: RHB Mike Stein
|
0-0: Called Strike 0-1: Ball 1-1: Fly out, F9 (Flyball, 9, EV 88.8 MPH)
|
|
Batting: RHB Andy Baumhardt
|
0-0: Ball 1-0: Foul Ball, location: 2F 1-1: Ball 2-1: Foul Ball, location: 2F 2-2: Strikes out swinging
|
| Top of the 7th over - 0 runs, 1 hit, 0 errors, 1 left on base; Chicago (APP) 0 - Danville 21 |
| BOTTOM OF THE 7TH |
|
Danville Braves batting - Pitching for Chicago (APP) Cubs : RHP Masato Iwase
|
|
Batting: LHB Ivan Castillo
|
0-0: Ground out 6-3 (Groundball, 6, EV 85.0 MPH)
|
|
Batting: RHB Carlos Livas
|
0-0: Ball 1-0: Swinging Strike 1-1: Foul Ball, location: 2F 1-2: Ball 2-2: Foul Ball, location: 2F 2-2: Foul Ball, location: 2F 2-2: Ball 3-2: Foul Ball, location: 2F 3-2: Strikes out swinging
|
|
Batting: RHB Rodolfo Cosme
|
0-0: Ball 1-0: Ball 2-0: Ball 3-0: Base on Balls
|
|
Batting: RHB Vicente Guillen
|
0-0: Reached on error, E6 (Groundball, 6, EV 104.4 MPH) Rodolfo Cosme to second
|
|
Batting: RHB Roberto Rios
|
0-0: Ball 1-0: Ball 2-0: Foul Ball, location: 2F 2-1: Ball 3-1: Base on Balls Rodolfo Cosme to third Vicente Guillen to second
|
|
Batting: RHB Roman Lauder
|
0-0: Swinging Strike 0-1: Ball 1-1: Ball 2-1: Called Strike 2-2: Ball 3-2: Foul Ball, location: 2F 3-2: Foul Ball, location: 2F 3-2: Foul Ball, location: 2F 3-2: Base on Balls Rodolfo Cosme scores Vicente Guillen to third Roberto Rios to second
|
|
Batting: RHB Aaron Sartini
|
0-0: Fly out, F7 (Flyball, 78M, EV 78.8 MPH)
|
| Bottom of the 7th over - 1 run, 0 hits, 1 error, 3 left on base; Chicago (APP) 0 - Danville 22 |
| TOP OF THE 8TH |
|
Chicago (APP) Cubs batting - Pitching for Danville Braves : RHP Jeremy Mash
|
|
Batting: RHB Juan Lira
|
0-0: Ground out 6-3 (Groundball, 6, EV 79.4 MPH)
|
|
Batting: LHB Jose Mafano
|
0-0: Ball 1-0: Ball 2-0: Called Strike 2-1: Foul Ball, location: 2F 2-2: Fly out, F4 (Line Drive, 34, EV 66.9 MPH)
|
|
Batting: RHB Andy Villarreal
|
0-0: Called Strike 0-1: Ball 1-1: Called Strike 1-2: Ball 2-2: SINGLE (Line Drive, 78S, EV 108.8 MPH)
|
|
Batting: RHB Lencho Otieno
|
0-0: Swinging Strike 0-1: Foul Ball, location: 2F 0-2: Foul Ball, location: 2F 0-2: Fielders Choice at 2nd, 6-4 (Groundball, 6, EV 108.8 MPH)
|
| Top of the 8th over - 0 runs, 1 hit, 0 errors, 1 left on base; Chicago (APP) 0 - Danville 22 |
| BOTTOM OF THE 8TH |
|
Danville Braves batting - Pitching for Chicago (APP) Cubs : RHP Masato Iwase
|
|
Batting: RHB Danny Dimas
|
0-0: Foul Ball, location: 2F 0-1: Ball 1-1: Fly out, F7 (Flyball, 7LM, EV 87.5 MPH)
|
|
Batting: LHB Mitsujiro Tanaka
|
0-0: Ball 1-0: Foul Ball, location: 2F 1-1: Ball 2-1: Called Strike 2-2: Foul Ball, location: 2F 2-2: Ball 3-2: Base on Balls
|
|
Batting: LHB Ivan Castillo
|
0-0: Ball 1-0: Ball 2-0: SINGLE (Groundball, 34D, EV 106.9 MPH) Mitsujiro Tanaka to second Runner from 2nd tries for 3rd, OUT! 9-5 Ivan Castillo to second
|
|
Batting: RHB Carlos Livas
|
0-0: SINGLE (Groundball, 6M, EV 105.0 MPH) (infield hit) Ivan Castillo to third
|
|
Batting: RHB Rodolfo Cosme
|
0-0: SINGLE (Line Drive, 56D, EV 99.4 MPH) Ivan Castillo scores Carlos Livas to second Runner from 2nd tries for 3rd, SAFE, throw by LF made to third
|
|
Batting: RHB Vicente Guillen
|
0-0: Called Strike 0-1: Fly out, F8 (Flyball, 8RD, EV 90.0 MPH)
|
| Bottom of the 8th over - 1 run, 3 hits, 0 errors, 2 left on base; Chicago (APP) 0 - Danville 23 |
| TOP OF THE 9TH |
|
Chicago (APP) Cubs batting - Pitching for Danville Braves : RHP Jeremy Mash
|
|
Batting: RHB Jorge Gonzalez
|
0-0: Swinging Strike 0-1: Ball 1-1: Foul Ball, location: 2F 1-2: Ball 2-2: Strikes out looking
|
|
Pitching: RHP Andrew Hodges
|
|
|
Batting: SHB Jim Lloyd
|
0-0: Ball 1-0: SINGLE (Groundball, 56D, EV 98.1 MPH)
|
|
Batting: RHB Dustin Goldsborough
|
0-0: Ball 1-0: Ball 2-0: Called Strike 2-1: Called Strike 2-2: Fly out, F9 (Flyball, 89M, EV 95.6 MPH)
|
|
Batting: RHB Mike Stein
|
0-0: Fielders Choice at 2nd, 5-4 (Groundball, 56, EV 76.9 MPH)
|
| Top of the 9th over - 0 runs, 1 hit, 0 errors, 1 left on base; Chicago (APP) 0 - Danville 23 |
|